 Dungeon Crawl Stone Soup version 0.28.0-53-g5a82cb258f (webtiles) character file.

Game seed: 14834068658864116791

2136 KamiKatze the Cleaver (level 9, -12/52 HPs)
             Began as a Gargoyle Berserker on July 25, 2022.
             Was an Elder of Trog.
             Mangled by an orc knight
             ... wielding a +0 glaive
              (24 damage)
             ... in a bailey.
             The game lasted 00:24:21 (6905 turns).

KamiKatze the Cleaver (Gargoyle Berserker)          Turns: 6905, Time: 00:24:21

Health: -12/52     AC: 17    Str: 26    XL:     9   Next: 30%
Magic:  9/9        EV: 10    Int:  7    God:    Trog [****..]
Gold:   344        SH:  0    Dex:  9    Spells: 8/8 levels left

rFire   . . .      SeeInvis .   a - +1 hand axe (elec)
rCold   . . .      Faith    .   (no shield)
rNeg    + . .      Spirit   .   h - +0 scale mail
rPois   ∞          Reflect  .   t - +0 helmet
rElec   +          Harm     .   (no cloak)
rCorr   .          Rampage  .   z - +0 pair of gloves
Will    ++...                   m - +1 pair of boots
Stlth   ..........              s - amulet of regeneration
HPRegen 1.97/turn               (no ring)
MPRegen 0.11/turn               (no ring)

@: strong-willed, on berserk cooldown, regenerating, slowed, very slow
A: sickness immunity, AC +6, negative energy resistance 1, electricity
resistance, torment resistance 1, petrification resistance
a: Renounce Religion, Berserk, Trog's Hand, Brothers in Arms


You were in a bailey.
You worshipped Trog.
Trog was greatly pleased with you.
You visited 2 branches of the dungeon, and saw 8 of its levels.
You also visited: Sewer and Bailey.

You collected 344 gold pieces.

Inventory:

Hand Weapons
 a - a +1 hand axe of electrocution (weapon)
 b - a +0 morningstar
 c - a +0 battleaxe
 g - a +0 hand axe
Missiles
 d - 118 stones
 p - 31 poisoned darts (quivered)
Armour
 h - a +0 scale mail (worn)
 m - a +1 pair of boots (worn)
 r - the +0 helmet of Cynicism {Contam Will+ Dex+4}
   (You found it on level 4 of the Dungeon)

   Dex:       It affects your dexterity (+4).
   Contam:    It causes magical contamination when unequipped.
   Will:      It increases your willpower.
 t - a +0 helmet (worn)
 z - a +0 pair of gloves (worn)
Jewellery
 s - an amulet of regeneration (around neck)
 E - a +6 ring of strength
Wands
 n - a wand of iceblast (1)
 u - a wand of acid (9)
 C - a wand of paralysis (1)
Scrolls
 j - a scroll of enchant weapon {unknown}
 l - a scroll of acquirement
 x - a scroll of teleportation
 y - a scroll of noise {unknown}
 A - a scroll of silence
Potions
 e - 3 potions of flight
 f - 3 potions of berserk rage
 i - a potion of brilliance {unknown}
 k - a potion of magic {unknown}
 o - 5 potions of heal wounds
 q - a potion of attraction
 v - a potion of lignification
 B - a potion of mutation


   Skills:
 + Level 4.5 Fighting
 * Level 10.3 Axes
 + Level 3.7 Armour
 + Level 2.5 Dodging
 + Level 1.4 Evocations


You had 8 spell levels left.
You didn't know any spells.
Your spell library was empty.

Dungeon Overview and Level Annotations

Branches:
Dungeon (7/15)             Temple (1/1) D:4           Sewer (visited)
 Bailey (1/1)

Altars:
Ashenzari
Cheibriados
Dithmenos
Elyvilon
Fedhas
Gozag
Hepliaklqana
Kikubaaqudgha
Makhleb
Nemelex Xobeh
Okawaru
Qazlal
Ru
Sif Muna
Trog
Vehumet
Wu Jian
Xom
Yredelemnul
Zin
The Shining One


Innate Abilities, Weirdness & Mutations

You are immune to sickness and miasma.
Your stone body is resilient. (AC +6)
You are immune to poison.
You resist negative energy. (rN+)
You are resistant to electric shocks. (rElec)
You are resistant to unholy torment.
You are immune to petrification.


Message History

You barely miss the orc. The orc hits you but does no damage.
The orc knight hits you but does no damage.
You barely miss the orc knight.
The orc knight is lightly wounded.
You slash the orc!
You kill the orc!
Trog accepts your kill.
You slash the orc knight!
Lightning courses through the orc knight!
The orc knight is severely wounded.
The orc knight hits you with a +0 glaive!
You slash the orc knight!
The orc knight is severely wounded.
You closely miss the orc knight.
The orc knight is severely wounded.
The orc knight hits you but does no damage.
You hit the orc knight.
The orc knight is severely wounded.
You are no longer berserk.
You are exhausted.
You feel yourself slow down.
The orc knight hits you with a +0 glaive.
You closely miss the orc knight.
The orc knight is severely wounded.
The orc knight hits you with a +0 glaive!
You hit the orc knight but do no damage.
The orc knight is severely wounded.
The orc knight hits you with a +0 glaive!
You hit the orc knight but do no damage.
Lightning courses through the orc knight!
The orc knight is almost dead.
The orc knight hits you with a +0 glaive!
* * * LOW HITPOINT WARNING * * *
Unknown command.
Okay, then.
You fail to use your ability.
The orc knight hits you with a +0 glaive!
* * * LOW HITPOINT WARNING * * *
The orc knight hits you with a +0 glaive!!
You die...

♣♣♣♣...#....#...≈≈≈≈≈≈#
#♣♣≈≈≈≈≈#....#≈≈≈≈≈≈≈≈≈#
#≈≈≈≈≈≈≈#....#≈≈≈≈≈≈≈♣♣#
#≈≈≈≈≈≈≈#....#≈≈≈≈≈≈.♣
#≈≈≈≈≈≈≈#..).#≈≈≈≈...♣
#≈≈≈....#....#......♣♣
#≈≈.......)).......♣♣
♣..♣.♣....)..♣♣.###
♣♣........@...♣.#
###.......o....#
##..........##
#..........#
#♣..∩..∩..♣# ♣........♣
♣♣......♣♣ ♣♣♣♣♣♣♣♣


You could see an orc knight.

Vanquished Creatures
  A hornet (D:7)
  Grinder (D:3)
  Eustachio (D:5)
  A steam dragon (D:6)
  2 ogres
  A necrophage (D:4)
  A kobold brigand (Sewer)
  4 bullfrogs
  An electric eel (D:6)
  3 hounds (D:6)
  A gnoll shaman (D:5)
  4 centaur skeletons
  3 bullfrog skeletons
  Jessica (D:2)
  Ijyb (D:3)
  Terence (D:2)
  4 iguanas
  An orc wizard (D:7)
  A hound skeleton (D:4)
  A howler monkey zombie (D:7)
  Robin (D:4)
  4 gnolls (D:5)
  9 adders
  4 river rats
  2 white imps
  5 worms
  3 dart slugs
  13 orcs
  7 endoplasms
  4 giant cockroaches
  16 goblins
  12 hobgoblins
  7 jackals
  2 quokkas
  4 ball pythons
  8 bats
  2 frilled lizards (D:1)
  10 kobolds
  9 rats
156 creatures vanquished.

Notes
Turn   | Place    | Note
-------+----------+-------------------------------------------
     0 | D:1      | KamiKatze the Gargoyle Berserker began the quest for the
                  | Orb.
     0 | D:1      | Reached XP level 1. HP: 14/14 MP: 1/1
   218 | D:1      | Reached XP level 2. HP: 10/19 MP: 2/2
   247 | D:1      | Reached skill level 3 in Axes
   499 | D:1      | Reached XP level 3. HP: 8/23 MP: 3/3
  1017 | D:2      | Reached ** piety under Trog
  1032 | D:2      | Noticed Terence
  1052 | D:2      | Killed Terence
  1053 | D:2      | Reached XP level 4. HP: 12/29 MP: 4/4
  1183 | D:2      | Noticed Jessica
  1192 | D:2      | Killed Jessica
  1512 | D:2      | Reached skill level 4 in Axes
  1546 | D:2      | Reached XP level 5. HP: 32/33 MP: 5/5
  1929 | D:3      | Noticed Ijyb
  1944 | D:3      | Killed Ijyb
  2129 | D:3      | Found an ornate altar of the Wu Jian Council.
  2178 | D:3      | Found a faded altar of an unknown god.
  2179 | D:3      | Noticed a golden eye
  2184 | D:3      | Noticed a shining eye
  2184 | D:3      | Noticed a golden eye
  2184 | D:3      | Noticed a shining eye
  2200 | D:3      | Noticed Grinder
  2206 | D:3      | Paralysed by Grinder for 5 turns
  2219 | D:3      | Killed Grinder
  2220 | D:3      | Reached skill level 5 in Axes
  2220 | D:3      | Reached XP level 6. HP: 38/38 MP: 6/6
  2526 | D:3      | Reached skill level 6 in Axes
  2676 | D:3      | Found a shimmering altar of Xom.
  2990 | D:4      | Reached XP level 7. HP: 41/43 MP: 7/7
  3065 | D:4      | Reached *** piety under Trog
  3079 | D:4      | Found a staircase to the Ecumenical Temple.
  3110 | Temple   | Entered the Ecumenical Temple
  3299 | D:4      | Reached skill level 7 in Axes
  3430 | D:4      | Identified the +0 helmet of Cynicism {Contam Will+ Dex+4}
  3553 | D:4      | Noticed Robin
  3576 | D:4      | Killed Robin
  3613 | D:4      | Found a snail-covered altar of Cheibriados.
  4349 | D:5      | Entered Level 5 of the Dungeon
  4646 | D:5      | Reached XP level 8. HP: 38/48 MP: 8/8
  4740 | D:5      | Reached skill level 8 in Axes
  4800 | D:5      | Found a glowing drain.
  4809 | Sewer    | Entered a sewer
  4914 | Sewer    | Found a white marble altar of Elyvilon.
  5285 | D:5      | Noticed Eustachio
  5291 | D:5      | Killed Eustachio
  5391 | D:5      | Reached skill level 9 in Axes
  5391 | D:5      | Reached **** piety under Trog
  5674 | D:6      | Found a bloodstained altar of Trog.
  5883 | D:6      | Reached skill level 10 in Axes
  6023 | D:6      | Reached XP level 9. HP: 47/52 MP: 9/9
  6052 | D:6      | Found a broken altar of Ashenzari.
  6136 | D:6      | Reached skill level 1 in Evocations
  6669 | D:7      | Identified a scroll of acquirement
  6677 | D:7      | Identified the +5 hunting sling of the Globe {venom, rCorr
                  | Str+2}
  6689 | D:7      | Noticed a hornet
  6711 | D:7      | Killed a hornet
  6763 | D:7      | Found a flagged portal.
  6781 | Bailey   | Entered a bailey
  6876 | Bailey   | Noticed an orc knight
  6905 | Bailey   | Mangled by an orc knight

Illustrated notes

Levels and vault maps discovered:
D:1:      amcnicky_arrival_choice, layout_loops_cross
D:2:      minmay_general_purpose_star, layout_loops_ring, uniq_jessica,
          uniq_terence
D:3:      layout_loops_ring, nicolae_wu_jian_immortal_techniques,
          mainiacjoe_overflow_brackets, hellmonk_ecumenical_altar_watching_god,
          minmay_ruptured, uniq_ijyb, uniq_grinder
D:4:      layout_layer_cave, mainiacjoe_overflow_paths,
          minmay_temple_entry_arrows, corner_web_ring, uniq_robin
D:5:      layout_gridville, lightli_sewer_entry_pipes, uniq_eustachio
D:6:      layout_basic, trog_three_pillars_becter,
          mainiacjoe_overflow_small_starburst, grunt_ministairs_8, minivault_4,
          hangedman_decor_points, lemuel_flame_loot_1
D:7:      layout_basic, nicolae_uskayaw_murder_on_the_dancefloor,
          enter_bailey_3, amethyst_killhole, grunt_ministairs_14
Temple:   eino_temple_rhombus
Bailey:   bailey_polearm_elven_captive_hellmonk, bailey

Skill      XL: |  1  2  3  4  5  6  7  8  9 |
---------------+----------------------------+-----
Axes           | 3 4 5 6 7 10 | 10.3
Dodging        | 2 |  2.5
Armour         | 3 |  3.7
Fighting       | 4 |  4.5
Evocations     | 1 |  1.4

Action                   |  1- 3 |  4- 6 |  7- 9 || total
-------------------------+-------+-------+-------++-------
Melee: Hand axe          |    87 |   132 |   281 ||   500
       Punch             |     2 |     1 |     1 ||     4
Throw: Stone             |    14 |       |       ||    14
Invok: Berserk           |     2 |     3 |     4 ||     9
       Trog's Hand       |       |     1 |     1 ||     2
Evoke: Wand              |       |       |     5 ||     5
  Use: Scroll            |       |       |    12 ||    12
Armor: Animal skin       |    22 |    11 |       ||    33
       Scale mail        |       |    57 |   124 ||   181
Dodge: Dodged            |    49 |    69 |   119 ||   237
